 Dungeon Crawl Stone Soup version 0.30.0-16-gbe6223bb7e (webtiles) character file.

Game seed: 3848830680964981870

514 gelatine the Shooter (level 7, -4/52 HPs)
             Began as a Demonspawn Hunter on May 21, 2023.
             Slain by a gnoll
             ... wielding a +0 spear
             ... led by a gnoll bouda
              (9 damage)
             ... on level 4 of the Dungeon.
             The game lasted 00:11:55 (3667 turns).

gelatine the Shooter (Demonspawn Hunter)            Turns: 3667, Time: 00:11:55

Health: -4/52      AC:  4    Str: 11    XL:     7   Next: 0%
Magic:  7/7        EV: 12    Int: 11    God:
Gold:   290        SH:  0    Dex: 18    Spells: 6/6 levels left

rFire   + . .        a - +1 shortbow
rCold   . . .        (shield currently unavailable)
rNeg    . . .        c - +0 leather armour
rPois   .            s - +0 hat {Will+}
rElec   .            l - +0 cloak
rCorr   .            (no gloves)
SInv    .            (no boots)
Will    +....        u - amulet of regeneration
Stlth   ++           q - ring of protection from fire
HPRegen 1.08/turn    (no ring)
MPRegen 0.10/turn

%: no passive effects
@: no status effects
A: horns 2, demonic magic 2
a: no special abilities


You were on level 4 of the Dungeon.
You visited 1 branch of the dungeon, and saw 4 of its levels.
You also visited: Sewer.

You collected 290 gold pieces.

Inventory:

Hand Weapons
 a - a +1 shortbow (weapon)
 g - the +5 spear "Raisin" {spect, rPois rN+ Int-2 Stlth+}
   (You found it on level 3 of the Dungeon)

   Int:       It affects your intelligence (-2).
   rPois:     It protects you from poison.
   rN:        It protects you from negative energy.
   Stlth:     It makes you more stealthy.
Armour
 c - a +0 leather armour (worn)
 f - an orb of light
 i - a +0 buckler
 l - a +0 cloak (worn)
 s - a +0 hat of willpower (worn)
 z - a +2 ring mail of cold resistance
Jewellery
 k - an amulet of the acrobat
 q - a ring of protection from fire (left hand)
 u - an amulet of regeneration (around neck)
 x - an amulet of guardian spirit
Wands
 h - a wand of charming (5)
 o - a wand of iceblast (8)
 y - a wand of flame (15)
Scrolls
 b - a scroll of immolation
 d - 5 scrolls of teleportation
 n - 2 scrolls of identify {unknown}
 p - a scroll of vulnerability {unknown}
 r - a scroll of butterflies {unknown}
 t - a scroll of poison
 w - 3 scrolls of enchant armour {unknown}
 A - a scroll of fog {unknown}
 B - a scroll of fear
 C - a scroll of enchant weapon
Potions
 e - a potion of degeneration {unknown}
 j - a potion of invisibility {unknown}
 m - a potion of haste
 v - a potion of mutation {unknown}
 D - a potion of flight {unknown}


   Skills:
 * Level 3.3 Fighting
 * Level 6.1 Ranged Weapons
 * Level 2.1 Armour
 * Level 2.6 Dodging
 * Level 2.3 Stealth


You had 6 spell levels left.
You didn't know any spells.
Your spell library contained the following spells:

 Spells                   Type           Power      Damage    Failure   Level
 Sandblast                Erth           0%         2d4       43%         1
 Ensorcelled Hibernation  Hex/Ice        0%         N/A       56%         2
 Passwall                 Tmut/Erth      0%         N/A       56%         2
 Spider Form              Tmut/Pois      0%         N/A       80%         3
 Stone Arrow              Conj/Erth      0%         3d7       80%         3
 Anguish                  Hex/Necr       0%         N/A       99%         4
 Summon Forest            Summ/Tloc      0%         N/A       100%        5
 Summon Mana Viper        Hex/Summ       0%         N/A       100%        5
 Summon Cactus Giant      Summ           0%         N/A       100%        6


Dungeon Overview and Level Annotations

Branches:
Dungeon (4/15)              Sewer (visited)
 Temple: D:4-7

Altars:
Nemelex Xobeh
Ru

Shops:
D:4 :*


Innate Abilities, Weirdness & Mutations

You have a pair of horns on your head.
Spells you cast may paralyse nearby enemies.


Message History

The gnoll closely misses you.
Fire: a) +1 shortbow
Press: ? - help, Q - select action, (/) - cycle Shift-Dir - straight line, f/p - gnoll
Aim: a gnoll, wielding a +0 spear (severely wounded, covering ground quickly, 69% to hit)
You shoot an arrow. The arrow hits the gnoll.
You kill the gnoll!
Your attacks no longer feel as feeble.
The gnoll misses you. The gnoll bouda barely misses you.
You have reached level 7!
Your demonic ancestry asserts itself...
The horns on your head grow some more.
Fire: a) +1 shortbow
Press: ? - help, Q - select action, (/) - cycle Shift-Dir - straight line, f/p - gnoll
Aim: a gnoll, wielding a +0 spear (severely wounded, covering ground quickly, 69% to hit)
You shoot an arrow. The arrow hits the gnoll.
The gnoll is severely wounded.
The gnoll closely misses you. The gnoll bouda misses you.
Fire: a) +1 shortbow
Press: ? - help, Q - select action, (/) - cycle Shift-Dir - straight line, f/p - gnoll
Aim: a gnoll, wielding a +0 spear (severely wounded, covering ground quickly, 69% to hit)
You shoot an arrow. The arrow hits the gnoll.
The gnoll is severely wounded.
The gnoll hits you from afar with a +0 spear.
The gnoll bouda hits you with a +0 club!
* * * LOW HITPOINT WARNING * * *
Fire: a) +1 shortbow
Press: ? - help, Q - select action, (/) - cycle Shift-Dir - straight line, f/p - gnoll
Aim: a gnoll, wielding a +0 spear (severely wounded, covering ground quickly, 69% to hit)
You shoot an arrow. The arrow barely misses the gnoll.
The gnoll hits you from afar with a +0 spear.
* * * LOW HITPOINT WARNING * * *
The gnoll bouda closely misses you. The gnoll misses you.
Fire: a) +1 shortbow
Press: ? - help, Q - select action, (/) - cycle Shift-Dir - straight line, f/p - gnoll
Aim: a gnoll, wielding a +0 spear (severely wounded, covering ground quickly, 69% to hit)
You shoot an arrow. The arrow closely misses the gnoll.
The gnoll bouda hits you with a +0 club!
* * * LOW HITPOINT WARNING * * *
The gnoll hits you from afar with a +0 spear!
You die...

#......#.........g#
#......#.........g# ..
#......#.....##### ...
#......#.....##..# ....
#......#.....g...##....
+......#.......g.......
#.<....#.....##........
#......########........
#####......#...)@.g).......
...####....#....g##..##....
...#.............##..# ####
...#)..8...8(..8.##....
..)).....#...#....#.....
...#).#.###.###...#.......
...#.....#...#...##+######
...#...8...8...8........
...#.....#...#..........


You could see a gnoll bouda and a gnoll (swift).

Vanquished Creatures
  A water moccasin (Sewer)
  An ogre (D:4)
  A hound (D:4)
  A gnoll bouda (D:4)
  Terence (D:3)
  Jessica (D:2)
  An orc wizard (D:3)
  2 adders (D:3)
  7 gnolls (D:4)
  A worm (D:2)
  11 orcs
  8 ball pythons
  4 endoplasms
  5 giant cockroaches
  9 goblins
  3 hobgoblins
  13 jackals
  2 quokkas
  4 bats
  A frilled lizard (D:1)
  8 kobolds
  3 rats (D:1)
88 creatures vanquished.

Notes
Turn   | Place    | Note
-------+----------+-------------------------------------------
     0 | D:1      | gelatine the Demonspawn Hunter began the quest for the Orb.
     0 | D:1      | Reached XP level 1. HP: 16/16 MP: 1/1
    39 | D:1      | Reached skill level 4 in Ranged Weapons
    39 | D:1      | Gained mutation: Spells you cast may paralyse adjacent
                  | enemies. [demonic ancestry]
    39 | D:1      | Reached XP level 2. HP: 8/22 MP: 2/2
   184 | D:1      | Reached skill level 1 in Stealth
   520 | D:2      | Gained mutation: Spells you cast may paralyse nearby
                  | enemies. [demonic ancestry]
   520 | D:2      | Reached XP level 3. HP: 27/27 MP: 3/3
   912 | D:2      | Noticed Jessica
   915 | D:2      | Killed Jessica
   916 | D:2      | Gained mutation: You have a pair of small horns on your
                  | head. [demonic ancestry]
   916 | D:2      | Reached XP level 4. HP: 33/33 MP: 4/4
  1559 | D:3      | Found a sparkling altar of Nemelex Xobeh.
  1572 | D:3      | Found a glowing drain.
  1581 | D:3      | Identified the +5 spear "Raisin" {spect, rPois rN+ Int-2
                  | Stlth+}
  1598 | D:3      | Reached skill level 1 in Armour
  1642 | Sewer    | Entered a sewer
  1748 | Sewer    | Noticed a water moccasin
  1775 | Sewer    | Killed a water moccasin
  1776 | Sewer    | Reached skill level 5 in Ranged Weapons
  1776 | Sewer    | Reached XP level 5. HP: 7/39 MP: 5/5
  2022 | D:3      | Found a sacrificial altar of Ru.
  2409 | D:3      | Noticed Terence
  2416 | D:3      | Killed Terence
  2417 | D:3      | Reached XP level 6. HP: 42/46 MP: 6/6
  3039 | D:4      | Found Waots's Tremendous Tomes.
  3264 | D:4      | Reached skill level 6 in Ranged Weapons
  3448 | D:4      | Found Aniwibod's General Store.
  3664 | D:4      | Gained mutation: You have a pair of horns on your head.
                  | [demonic ancestry]
  3664 | D:4      | Reached XP level 7. HP: 21/52 MP: 7/7
  3667 | D:4      | Slain by a gnoll

Illustrated notes

Levels and vault maps discovered:
D:1:      minmay_arrival_arboretum_small, layout_rooms
D:2:      layout_loops_corners, grunt_ministairs_4, uniq_jessica
D:3:      layout_basic, mainiacjoe_overflow_small_starburst,
          nicolae_ru_great_annihilating_truth, gup_sewer_entry_glass,
          uniq_terence
D:4:      layout_gridville, kennysheep_little_box, serial_shops, shop,
          nicolae_shop_i_like_big_books, minmay_misc_feat_four_crosses,
          nrook_mini_backslash, minmay_starry_boxes

Skill      XL: |  1  2  3  4  5  6 |
---------------+-------------------+-----
Ranged Weapons | 4 5 6 |  6.1
Stealth        | 1 2 |  2.3
Dodging        | 2 |  2.6
Armour         | 1 2 |  2.1
Fighting       | 3 |  3.3

Action                     |  1- 3 |  4- 6 |  7- 9 || total
---------------------------+-------+-------+-------++-------
  Melee: Shortbow          |       |     2 |       ||     2
   Fire: Shortbow          |   106 |   210 |     4 ||   320
    Use: Potion            |       |     6 |       ||     6
         Scroll            |       |     5 |       ||     5
 Armour: Leather armour    |    12 |    47 |       ||    59
         Skin              |       |     2 |       ||     2
  Dodge: Dodged            |    31 |   134 |     4 ||   169
